 Dungeon Crawl Stone Soup version 0.30-a0-586-g23e55c9e0a (webtiles) character file.

Game seed: 3819665161103259761

48 Citaku the Trooper (level 3, -1/31 HPs)
             Began as a Minotaur Wanderer on Jan 3, 2023.
             Slain by a gnoll
             ... wielding a +0 whip
              (7 damage)
             ... on level 2 of the Dungeon.
             The game lasted 00:01:33 (797 turns).

Citaku the Trooper (Minotaur Wanderer)               Turns: 797, Time: 00:01:34

Health: -1/31      AC:  4    Str: 18    XL:     3   Next: 50%
Magic:  2/2        EV: 11    Int:  6    God:
Gold:   38         SH:  0    Dex: 12    Spells: 2/2 levels left

rFire   . . .      SeeInvis .    a - +3 short sword
rCold   . . .      Faith    .    (no shield)
rNeg    . . .      Spirit   .    d - +0 leather armour
rPois   .          Reflect  .    (helmet restricted)
rElec   .          Harm     .    (no cloak)
rCorr   .          Rampage  .    b - +0 pair of gloves
Will    .....                    (no boots)
Stlth   ++                       (no amulet)
HPRegen 0.25/turn                (no ring)
MPRegen 0.08/turn                (no ring)

@: no status effects
A: horns 2, retaliatory headbutt
a: no special abilities


You were on level 2 of the Dungeon.
You visited 1 branch of the dungeon, and saw 2 of its levels.

You collected 38 gold pieces.

Inventory:

Hand Weapons
 a - a +3 short sword (weapon)
Armour
 b - a +0 pair of gloves (worn)
 d - a +0 leather armour (worn)
Scrolls
 c - a scroll of fear
 f - 2 scrolls of identify {unknown}
Potions
 e - 3 potions of curing {unknown}
 g - a potion of lignification {unknown}


   Skills:
 + Level 3.0 Fighting
 + Level 2.7 Short Blades
 + Level 2.4 Throwing
 + Level 2.1 Armour
 + Level 2.8 Stealth


You had 2 spell levels left.
You didn't know any spells.
Your spell library was empty.

Dungeon Overview and Level Annotations

Branches:
Dungeon (2/15)

Altars:


Innate Abilities, Weirdness & Mutations

You have a pair of horns on your head.
You reflexively headbutt those who attack you in melee.


Message History

The ball python grabs you. The ball python constricts you.
You hit the ball python.
You kill the ball python!
You now have 38 gold pieces (gained 9).
As you open the door, it creaks loudly!
There is an open door here.
Found a stone staircase leading down.
Done exploring.
There is a stone staircase leading down here.
You climb downwards.
There is a stone staircase leading up here.
A hobgoblin comes into view.
A frilled lizard, a kobold and a gnoll come into view.
Found a scroll labelled NUOGOSKOGH and 13 gold pieces.
Found a scroll labelled QAFEOBR YSMIE.
The kobold barely misses you.
The hobgoblin shouts!
The kobold closely misses you. You furiously retaliate!
You headbutt the kobold!
You kill the kobold!
The frilled lizard hisses angrily.
A gnoll comes into view. It is wielding a +0 whip.
The gnoll hits you from afar with a +0 halberd!
You miss the frilled lizard. You hit the frilled lizard.
You kill the frilled lizard!
The gnoll barely misses you.
You hit the hobgoblin.
The hobgoblin is severely wounded.
The gnoll misses you. The hobgoblin hits you.
You hit the hobgoblin.
The hobgoblin is almost dead.
The gnoll barely misses you. The hobgoblin barely misses you.
You furiously retaliate!
You headbutt the hobgoblin!
You kill the hobgoblin!
The gnoll hits you with a +0 halberd.
You see here a hobgoblin corpse.
You closely miss the gnoll. The gnoll hits you with a +0 halberd!
* * * LOW HITPOINT WARNING * * *
The gnoll hits you with a +0 whip!
You die...

##### #...######
#<........
#...######
#...##...#
##...#...####
###.#.......
####@#...#
##..gg....#####
#......).......
#...............
#...............
#.........###.##
#.........# .#
#.........# ?
##........#


You could see 2 gnolls.

Vanquished Creatures
  A gnoll (D:1)
  A dart slug (D:1)
  3 ball pythons (D:1)
  5 bats (D:1)
  An endoplasm (D:1)
  A giant cockroach (D:1)
  2 hobgoblins
  5 jackals (D:1)
  3 quokkas (D:1)
  5 frilled lizards
  5 kobolds
  3 rats (D:1)
35 creatures vanquished.

Notes
Turn   | Place    | Note
-------+----------+-------------------------------------------
     0 | D:1      | Citaku the Minotaur Wanderer began the quest for the Orb.
     0 | D:1      | Citaku set off with the following items: a +3 short sword,
                  | a +0 pair of gloves, a scroll of fear, a +0 leather armour.
     0 | D:1      | Reached XP level 1. HP: 18/18 MP: 0/0
   178 | D:1      | Reached XP level 2. HP: 17/25 MP: 1/1
   521 | D:1      | Reached XP level 3. HP: 30/30 MP: 2/2
   554 | D:1      | Reached skill level 3 in Fighting
   797 | D:2      | Slain by a gnoll

Illustrated notes

Levels and vault maps discovered:
D:1:      heliophobic_arrival_glass_houses, layout_basic, minmay_pentomino_z2
D:2:      layout_rooms, hellmonk_ecumenical_altar_pennies_from_heaven,
          uniq_terence

Skill      XL: |  1  2  3 |
---------------+----------+-----
Fighting       | 3 |  3.0
Armour         | 2 |  2.1
Short Blades   | |  2.7
Throwing       | |  2.4
Stealth        | |  2.8

Action                   || total
-------------------------++-------
Melee: Short sword       ||    73
       Headbutt          ||    11
Armor: Leather armour    ||    22
Dodge: Dodged            ||    54

Table legend: (Time is in decaauts)
 A = Elapsed time spent in this place.
 B = Non-inter-level travel time spent in this place.
 C = Inter-level travel time spent in this place.
 D = Time resting spent in this place.
 E = Time spent auto-exploring this place.
 F = Levels seen in this place.
 G = Mean time per level.
                   A        B        C        D        E       F      G
               +--------+--------+--------+--------+--------+-----+--------+
         Total |    787 |    787 |      0 |      0 |    474 |   2 |  393.5 |
       Dungeon |    787 |    787 |      0 |      0 |    474 |   2 |  393.5 |
               +--------+--------+--------+--------+--------+-----+--------+

Top non-repeatable levels by time:
     D:1: 764 daAuts
     D:2: 23 daAuts
